 Dungeon Crawl Stone Soup version 0.25.1-2-g60ff931df9 (webtiles) character file.

Game seed: 18319794392397519784

406 Exodus22XD the Caller (level 6, -2/32 HPs)
             Began as a Deep Elf Wizard on Aug 7, 2020.
             Was an Initiate of Vehumet.
             Splashed by a jelly's acid (8 damage)
             ... on level 4 of the Dungeon.
             The game lasted 00:10:37 (4279 turns).

Exodus22XD the Caller (Deep Elf Wizard)             Turns: 4279, Time: 00:10:38

Health: -2/32      AC:  3    Str:  4    XL:     6   Next: 56%
Magic:  5/15       EV: 13    Int: 25    God:    Vehumet [......]
Gold:   168        SH:  0    Dex: 13    Spells: 4/15 levels left

rFire    . . .     SeeInvis .   c - -1 spear (curse)
rCold    . . .     Gourm    .   (no shield)
rNeg     . . .     Faith    .   a - +0 robe
rPois    .         Spirit   .   b - +0 hat
rElec    .         Reflect  .   (no cloak)
rCorr    .         Harm     .   (no gloves)
MR       .....                  m - +0 pair of boots
Stlth    ++........             n - amulet of regeneration
HPRegen  0.50/turn              (no ring)
MPRegen  0.14/turn              (no ring)

@: lethally poisoned (-2 -> -3), very slightly contaminated
A: no striking features
a: Renounce Religion


You were on level 4 of the Dungeon.
You worshipped Vehumet.
Vehumet was noncommittal.
You were very hungry.

You visited 2 branches of the dungeon, and saw 6 of its levels.

You collected 168 gold pieces.

Inventory:

Hand Weapons
 c - a cursed -1 spear (weapon)
 h - a +0 spear
Armour
 a - a +0 robe (worn)
 b - a +0 hat (worn)
 m - a +0 pair of boots (worn)
Jewellery
 k - an uncursed ring of stealth {unknown}
 n - an amulet of regeneration (around neck)
Wands
 o - a wand of acid (7)
Scrolls
 f - 5 scrolls of identify {unknown}
 g - 3 scrolls of remove curse {unknown}
 i - 2 scrolls of teleportation {unknown}
 l - a scroll of blinking {unknown}
 p - 2 scrolls of fear {unknown}
 q - 2 scrolls of magic mapping {unknown}
 s - a scroll of enchant armour {unknown}
Potions
 e - a potion of haste {unknown}
 j - a potion of might {unknown}
 r - a potion of curing {unknown}
Comestibles
 d - 11 rations


   Skills:
 - Level 2.4 Dodging
 - Level 2.4 Stealth
 - Level 5.0 Spellcasting
 - Level 4.0 Conjurations
 - Level 5.1 Summonings
 - Level 1.1 Translocations
 + Level 2.6 Fire Magic


You had 4 spell levels left.
You knew the following spells:

 Your Spells              Type           Power        Failure   Level  Hunger
a - Magic Dart            Conj           ####         1%          1    None
b - Call Imp              Summ           ####....     1%          2    None
c - Blink                 Tloc           N/A          8%          2    None
d - Conjure Flame         Conj/Fire      ###.....     6%          3    ##.....
e - Mephitic Cloud        Conj/Pois/Air  ##......     14%         3    ##.....

Your spell library contained the following spells:

 Spells                   Type           Power        Failure   Level  Hunger
 Slow                     Hex            #.......     12%         2    None


Dungeon Overview and Level Annotations

Branches:
Dungeon (5/15)             Temple (1/1) D:4

Altars:
Ashenzari
Cheibriados
Dithmenos
Elyvilon
Fedhas
Gozag
Hepliaklqana
Kikubaaqudgha
Makhleb
Okawaru
Qazlal
Ru
Trog
Uskayaw
Vehumet
Wu Jian
Xom
Yredelemnul
Zin
The Shining One

Shops:
D:4 (


Message History

You feel sick. The jelly hits you but does no damage.
Casting: Magic Dart (safe; 1% risk of failure)
Confirm with . or Enter, or press ? or * to list all spells.
Aiming: Magic Dart (safe; 1% risk of failure)
Press: ? - help, Shift-Dir - straight line, f/p - jelly
Aim: a jelly (lightly wounded)
The magic dart hits the jelly.
The jelly is moderately wounded.
The jelly closely misses you.
Casting: Magic Dart (safe; 1% risk of failure)
Confirm with . or Enter, or press ? or * to list all spells.
Aiming: Magic Dart (safe; 1% risk of failure)
Press: ? - help, Shift-Dir - straight line, f/p - jelly
Aim: a jelly (moderately wounded)
The magic dart hits the jelly!
The jelly is severely wounded.
You feel sick. The jelly hits you.
* * * LOW HITPOINT WARNING * * *
You are splashed with acid!
You die...

.##........##..# ##.## #
.....#.##..###.## ###.## #
.##..#.....####.## #..## #
.......##...####.########..#
##
.#.##.....#..###......##..##
#.
.#....##..##..##.......#...#
#.
..........###..............##
#. ..........#
##...J..........# #.
..........# ###@#####......#
#. ..........# ### #......#
#. .........## ##......# #.
.........# ######.......# ##
........## ##......####### #
<......## ##.####### ......##
##.## .....## ###.## ....##
##..##


You could see a jelly.

Vanquished Creatures
  Grinder (D:3)
  A scorpion (D:4)
  A worker ant (D:5)
  A gnoll (D:3)
  A howler monkey skeleton (D:4)
  6 adders
  An ooze (D:1)
  2 worms (D:2)
  3 dart slugs
  3 orcs (D:3)
  A ball python (D:4)
  8 bats
  3 giant cockroaches
  7 goblins
  5 hobgoblins
  13 jackals
  2 quokkas
  8 frilled lizards
  8 kobolds
  3 rats (D:1)
78 creatures vanquished.

Notes
Turn   | Place    | Note
-------+----------+-------------------------------------------
     0 | D:1      | Exodus22XD the Deep Elf Wizard began the quest for the Orb.
     0 | D:1      | Reached XP level 1. HP: 10/10 MP: 7/7
   301 | D:1      | Reached skill level 5 in Spellcasting
   304 | D:1      | Reached XP level 2. HP: 15/15 MP: 3/10
   387 | D:1      | Learned a level 2 spell: Call Imp
   390 | D:1      | Learned a level 2 spell: Blink
  1017 | D:2      | Reached XP level 3. HP: 19/19 MP: 3/11
  1434 | D:2      | Reached XP level 4. HP: 14/24 MP: 9/13
  1439 | D:2      | Learned a level 3 spell: Conjure Flame
  1443 | D:2      | Learned a level 3 spell: Mephitic Cloud
  2110 | D:3      | Found an opulent altar of Gozag.
  2173 | D:3      | Noticed Grinder
  2616 | D:3      | Paralysed by Grinder for 5 turns
  2628 | D:3      | Paralysed by Grinder for 4 turns
  2633 | D:3      | Killed Grinder
  2633 | D:3      | Reached skill level 5 in Summonings
  2633 | D:3      | Reached XP level 5. HP: 12/28 MP: 0/14
  2633 | D:3      | Reached XP level 6. HP: 14/32 MP: 0/15
  2856 | D:3      | Found a hide-covered altar of Uskayaw.
  2856 | D:3      | Found a bloodstained altar of Trog.
  3059 | D:4      | Found Yqien's Weapon Emporium.
  3078 | D:4      | Found a sacrificial altar of Ru.
  3487 | D:4      | Reached skill level 1 in Fire Magic
  3617 | D:4      | Found an iron altar of Okawaru.
  3794 | D:4      | Found a staircase to the Ecumenical Temple.
  3954 | Temple   | Entered the Ecumenical Temple
  4083 | Temple   | Became a worshipper of Vehumet
  4118 | D:5      | Entered Level 5 of the Dungeon
  4279 | D:4      | Splashed by a jelly's acid

Illustrated notes

Levels and vault maps discovered:
D:1:      ncdulo_lavacross, layout_basic, minmay_pentomino_t4
D:2:      layout_loops_ring
D:3:      layout_basic, gammafunk_temple_overflow_wave,
          nicolae_gozag_seed_capital, first_ration, uniq_grinder
D:4:      layout_layer_cave, nicolae_overflow_crystal_walls,
          minmay_temple_entry_ruins, serial_shops, nicolae_shop_window_shopping,
          okawaru_ov_weapons_minmay
D:5:      layout_basic, eino_small_chamber_without_monster
Temple:   nicolae_temple_elliptical

Skill      XL: |  1  2  3  4  5  6 |
---------------+-------------------+-----
Spellcasting   | 5 |  5.0
Conjurations   | 2 3 4 |  4.0
Summonings     | 5 |  5.1
Fire Magic     | 2 |  2.6
Dodging        | |  2.4
Stealth        | |  2.4
Translocations | |  1.1

Action                   |  1- 3 |  4- 6 || total
-------------------------+-------+-------++-------
Melee: Spear             |     3 |       ||     3
 Cast: Magic Dart        |    74 |   125 ||   199
       Call Imp          |     1 |     2 ||     3
       Conjure Flame     |       |     3 ||     3
       Mephitic Cloud    |       |     1 ||     1
  Eat: Chunk             |     1 |     8 ||     9
Armor: Robe              |     4 |     6 ||    10
Dodge: Dodged            |     5 |    17 ||    22
